 Dungeon Crawl Stone Soup version 0.30.1-9-gdf580d7c3d (webtiles) character file.

Game seed: 14782402322232573200

5459 Hakai23 the Arsonist (level 10, -4/37 HPs)
             Began as a Felid Fire Elementalist on Oct 4, 2023.
             Was the Champion of Okawaru.
             Shot with an arrow by a centaur warrior (24 damage)
             ... on level 13 of the Dungeon.
             The game lasted 02:51:13 (11689 turns).

Hakai23 the Arsonist (Felid Fire Elementalist)     Turns: 11689, Time: 02:51:14

Health: -4/37      AC:  6    Str:  4    XL:     10   Next: 41%
Magic:  30/30      EV: 20    Int: 22    God:    Okawaru [******]
Gold:   1150       SH:  0    Dex: 16    Spells: 2/23 levels left
                                        Lives:  0   Deaths: 3

rFire   . . .        (weapon unavailable)
rCold   . . .        (shield unavailable)
rNeg    + . .        (body armour unavailable)
rPois   .            (helmet unavailable)
rElec   .            (cloak unavailable)
rCorr   .            (gloves unavailable)
SInv    +            (boots unavailable)
Will    ++...        E - amulet "Ineoski" {rN+ Will+ Regen+}
Stlth   +++          g - ring of magical power
HPRegen 1.06/turn    e - +4 ring of protection
MPRegen 0.22/turn

%: no passive effects
@: quick
A: very small, claws 1, fangs 3, see invisible, speed 1, shaggy fur 2, stealthy
paws, no weapons or thrown items, no armour, multi-lived
a: Renounce Religion, Heroism, Finesse, Duel


You were on level 13 of the Dungeon.
You worshipped Okawaru.
Okawaru was exalted by your worship.
You visited 2 branches of the dungeon, and saw 13 of its levels.
You also visited: Ossuary.

You collected 1318 gold pieces.
You spent 168 gold pieces at shops.

Inventory:

Jewellery
 d - a ring of poison resistance
 e - a +4 ring of protection (right paw)
 f - a ring of protection from fire
 g - a ring of magical power (left paw)
 q - a ring of poison resistance
 E - the amulet "Ineoski" (around neck) {rN+ Will+ Regen+}
   (You found it on level 8 of the Dungeon)

   [amulet of regeneration]

   rN:        It protects you from negative energy.
   Regen:     It increases your rate of health regeneration.
   Will:      It increases your willpower.
 F - a +6 ring of intelligence
Wands
 c - a wand of flame (14)
 m - a wand of acid (4)
 u - a wand of digging (8)
 z - a wand of paralysis (7)
 C - a wand of roots (5)
Scrolls
 b - 4 scrolls of teleportation
 h - 2 scrolls of magic mapping
 o - a scroll of enchant weapon
 p - a scroll of fog
 s - 2 scrolls of immolation
 w - a scroll of identify
 x - 3 scrolls of butterflies (quivered)
 y - 7 scrolls of noise
 B - 2 scrolls of poison
 D - a scroll of vulnerability
Potions
 i - 6 potions of mutation
 j - 2 potions of flight
 l - a potion of might
 n - 2 potions of brilliance
 r - 2 potions of lignification
 t - a potion of attraction
 v - 9 potions of degeneration


   Skills:
 - Level 0.2 Fighting
 - Level 6.7 Dodging
 + Level 6.3 Stealth
 + Level 7.2 Spellcasting
 * Level 9.0 Conjurations
 + Level 5.4 Hexes
 * Level 10.0 Fire Magic


You had 2 spell levels left.
You knew the following spells:

 Your Spells              Type           Power      Damage    Failure   Level
a - Foxfire               Conj/Fire      100%       2x1d9     1%          1
b - Scorch                Fire           100%       2d9       1%          2
c - Volatile Blastmotes   Fire/Tloc      58%        2d14      3%          3
d - Plasma Beam           Fire/Air       14%        2x1d28    85%         6
e - Ensorcelled Hibernat  Hex/Ice        38%        N/A       4%          2
f - Inner Flame           Hex/Fire       41%        N/A       1%          3
g - Flame Wave            Conj/Fire      49%        2d12      1%          4

Your spell library contained the following spells:

 Spells                   Type           Power      Damage    Failure   Level
 Momentum Strike          Conj/Tloc      54%        3d9       1%          2
 Sandblast                Erth           14%        2d6       9%          1
 Cigotuvi's Dreadful Rot  Necr/Pois/Air  14%        N/A       12%         2
 Fireball                 Conj/Fire      24%        3d11      4%          5
 Ignite Poison            Fire/Tmut/Pois 22%        N/A       6%          3
 Spider Form              Tmut/Pois      7%         N/A       24%         3
 Teleport Other           Tloc           7%         N/A       24%         3
 Starburst                Conj/Fire      24%        6d8       24%         6
 Anguish                  Hex/Necr       9%         N/A       26%         4
 Leda's Liquefaction      Hex/Erth       9%         N/A       26%         4
 Freezing Cloud           Conj/Ice/Air   10%        6-21      54%         5
 Yara's Violent Unravell  Hex/Tmut       9%         3d6       58%         5
 Dispel Undead            Necr           7%         3d8       63%         4
 Passage of Golubria      Tloc           7%         N/A       63%         4
 Statue Form              Tmut/Erth      4%         N/A       100%        6
 Tukima's Dance           Hex            Unusable   N/A       N/A         3
 Portal Projectile        Hex/Tloc       Unusable   N/A       N/A         3
 Call Canine Familiar     Summ           Unusable   N/A       N/A         3
 Summon Mana Viper        Hex/Summ       Unusable   N/A       N/A         5
 Summon Ice Beast         Ice/Summ       Unusable   N/A       N/A         4
 Death Channel            Necr           Unusable   N/A       N/A         6
 Monstrous Menagerie      Summ           Unusable   N/A       N/A         7

Dungeon Overview and Level Annotations

Branches:
Dungeon (13/15)            Temple (1/1) D:6            Lair (0/5) D:10
Ossuary (visited)
    Orc: D:9-12      Vaults: D:13-14

Altars:
Ashenzari
Cheibriados
Dithmenos
Elyvilon
Fedhas
Gozag
Hepliaklqana
Kikubaaqudgha
Makhleb
Nemelex Xobeh
Okawaru
Qazlal
Ru
Sif Muna
Trog
Uskayaw
Vehumet
Wu Jian
Xom
Yredelemnul
Zin
The Shining One

Shops:
D:5 =   D:7 (   D:9 [*(

Annotations:
D:3 Sigmund
D:4 2 transporters, Menkaure
D:6 3 runed translucent doors, Eustachio; kaesle's ghost, novice HuCj


Innate Abilities, Weirdness & Mutations

You have sharp claws.
You have razor-sharp teeth.
You have supernaturally acute eyesight. (SInv)
You cover ground quickly. (Speed+)
You are covered in thick fur. (AC +2)
Your paws help you pounce on unaware monsters.
You are incapable of wielding weapons or throwing items.
You cannot wear armour.
You gain extra lives every three experience levels.


Message History

Confirm with . or Enter, or press ? or * to list all spells.
You conjure some foxfire!
The foxfire hits the vampire mosquito!
The vampire mosquito is almost destroyed.
The foxfire hits the vampire mosquito.
You destroy the vampire mosquito!
Okawaru accepts your kill.
Your Fire Magic skill increases to level 10!
There is a stone staircase leading up here.
Okay, then.
It was a potion of ambrosia.
You are confused.
You feel invigorated.
You start waiting.
You feel less invigorated.
You feel less confused.
It was a potion of invisibility.
You fade into invisibility!
It was a potion of attraction.
You feel attractive to monsters.
There is an escape hatch in the floor here.
You slide downwards.
The hatch slams shut behind you.
A centaur warrior comes into view.
The centaur warrior is attracted toward you.
The centaur warrior is attracted toward you.
The centaur warrior is attracted toward you.
You flicker for a moment.
The centaur warrior is attracted toward you.
The centaur warrior is attracted toward you.
The centaur warrior is attracted toward you.
The centaur warrior is attracted toward you.
The centaur warrior is attracted toward you.
The centaur warrior is attracted toward you.
You feel less attractive to monsters.
You flicker back into view.
The centaur warrior shouts!
The centaur warrior wields a +0 longbow.
The centaur warrior shoots an arrow.
The arrow hits you!!
The centaur warrior shoots an arrow.
The arrow hits you!!
Ouch! That really hurt!
You die...

#.# ... #.# #.# #.#
#.# .# #.# #.# #.#
#.# #.# #.# #.# #.#
#.# #.###.## #.#
#......# #.#
#####@.#####.######.
#......c........
#.######.###### #.#
#.# #.# #.#
#.######.######
#...............
#############.#.


You could see a centaur warrior.

Vanquished Creatures
  A two-headed ogre (D:12)
  Amaemon (D:8)
  Sonja (D:10)
  Pikel (D:4)
  An ugly thing (D:12)
  An orange demon (D:8)
  An unseen horror (D:12)
  A kobold demonologist (D:12)
  A komodo dragon (D:12)
  A troll (D:12)
  A hornet (D:9)
  Prince Ribbit (D:8)
  A vampire (D:12)
  6 yaks
  A wraith (D:10)
  4 vampire mosquitoes (D:12)
  A steam dragon (D:8)
  3 wargs (D:10)
  4 water moccasins
  An ice beast (D:7)
  A sky beast (D:7)
  A black bear (D:5)
  4 orc warriors
  4 centaurs
  A lemure (D:4)
  2 kobold brigands
  A gnoll sergeant (D:8)
  A bullfrog (D:7)
  2 scorpions
  A wight (D:7)
  4 killer bees (D:8)
  4 howler monkeys
  A centaur zombie (Ossuary)
  A hound (D:4)
  A jelly (D:5)
  2 human zombies (Ossuary)
  5 orc priests
  4 iguanas
  2 sleepcaps
  8 orc wizards
  3 mummies (Ossuary)
  Robin (D:3)
  9 gnolls
  6 adders
  A shadow imp (D:8)
  3 white imps
  2 worms
  2 dart slugs
  41 orcs
  4 bats
  7 endoplasms
  2 giant cockroaches
  20 goblins
  12 hobgoblins
  15 kobolds
  3 quokkas (D:2)
  5 ball pythons
  5 frilled lizards
  A gnoll zombie (Ossuary)
  A goblin zombie (Ossuary)
  A hobgoblin zombie (Ossuary)
  2 orc zombies (Ossuary)
  3 rats
232 creatures vanquished.

Vanquished Creatures (others)
  970 foxfires
970 creatures vanquished.

Grand Total: 1202 creatures vanquished

Notes
Turn   | Place    | Note
-------+----------+-------------------------------------------
     0 | D:1      | Hakai23 the Felid Fire Elementalist began the quest for the
                  | Orb.
     0 | D:1      | Reached XP level 1. HP: 7/7 MP: 4/4
   241 | D:1      | Reached skill level 3 in Fire Magic
   374 | D:1      | Reached XP level 2. HP: 10/11 MP: 3/6
   384 | D:1      | Learned a level 2 spell: Scorch
   821 | D:2      | Reached XP level 3. HP: 14/14 MP: 5/7
  1078 | D:3      | Learned a level 3 spell: Volatile Blastmotes
  1082 | D:3      | Noticed Sigmund
  1091 | D:3      | Noticed Robin
  1264 | D:2      | Reached XP level 4. HP: 18/18 MP: 8/8
  1276 | D:2      | Reached skill level 4 in Fire Magic
  1392 | D:2      | Identified a scroll of acquirement
  1392 | D:2      | Acquired a book of Fire
  1919 | D:3      | Reached skill level 1 in Conjurations
  1974 | D:3      | Killed Robin
  2060 | D:3      | Found a faded altar of an unknown god.
  2065 | D:3      | Prayed at the altar of an unknown god.
  2065 | D:3      | Became a worshipper of Warmaster Okawaru
  2065 | D:3      | Reached * piety under Okawaru
  2321 | D:3      | Reached XP level 5. HP: 4/21 MP: 5/11
  2466 | D:3      | Found a glowing silver altar of Zin.
  2830 | D:4      | Found an iron altar of Okawaru.
  2865 | D:4      | Noticed a small abomination
  2894 | D:4      | Noticed Pikel
  2894 | D:4      | Noticed a lemure
  2894 | D:4      | Noticed a lemure
  2894 | D:4      | Noticed a lemure
  2894 | D:4      | Noticed a lemure
  2966 | D:4      | Killed a lemure
  3034 | D:4      | Killed Pikel
  3034 | D:4      | Reached ** piety under Okawaru
  3034 | D:4      | Reached *** piety under Okawaru
  3035 | D:4      | Reached skill level 5 in Fire Magic
  3035 | D:4      | Gained mutation: You are covered in thick fur. (AC +2)
                  | [Felid growth]
  3035 | D:4      | Reached XP level 6. HP: 3/24 MP: 13/13
  3035 | D:4      | Reached XP level 7. HP: 3/27 MP: 14/14
  3402 | D:4      | Found a transporter.
  3501 | D:4      | Noticed Menkaure
  3552 | D:4      | Found a transporter.
  3679 | D:4      | Noticed an ancient zyme
  3733 | D:5      | Entered Level 5 of the Dungeon
  3795 | D:5      | Learned a level 6 spell: Plasma Beam
  3798 | D:5      | Learned a level 2 spell: Ensorcelled Hibernation
  3936 | D:5      | Found Govvauggae's One-of-a-Kind Rings.
  3953 | D:5      | Reached **** piety under Okawaru
  3954 | D:5      | Reached skill level 6 in Fire Magic
  4071 | D:5      | Succumbed to a water moccasin's poison
  4072 | D:5      | Reached XP level 6. HP: -1/24 MP: 20/22
  4086 | D:5      | Killed a water moccasin
  4087 | D:5      | Reached XP level 7. HP: 23/27 MP: 14/14
  4472 | D:6      | Noticed Eustachio
  4511 | D:6      | Noticed kaesle's ghost (novice HuCj)
  4511 | D:6      | Found a runed translucent gate.
  4511 | D:6      | Found a runed translucent gate.
  4511 | D:6      | Found a runed translucent gate.
  4609 | D:6      | Found a staircase to the Ecumenical Temple.
  4618 | Temple   | Entered the Ecumenical Temple
  4824 | D:6      | Identified the +2 chain mail of the Present {*Corrode rElec
                  | rPois Regen+}
  4874 | D:6      | Found a sand-covered staircase.
  5113 | Ossuary  | Entered an ossuary
  5133 | Ossuary  | Reached skill level 5 in Conjurations
  5475 | D:7      | Found Toug Hobir's Weapon Boutique.
  5475 | D:7      | Noticed a yak
  5520 | D:7      | Reached skill level 5 in Spellcasting
  5520 | D:7      | Reached XP level 8. HP: 10/31 MP: 16/16
  5617 | D:7      | Got the Octavo of Discontinuous Bedrock
  5730 | D:7      | Reached ***** piety under Okawaru
  5734 | D:7      | Acquired 718 gold pieces
  5770 | D:7      | Reached skill level 7 in Fire Magic
  5813 | D:7      | Learned a level 3 spell: Inner Flame
  5849 | D:7      | Reached skill level 5 in Dodging
  6855 | D:8      | Found an ancient bone altar of Kikubaaqudgha.
  6881 | D:8      | Reached XP level 9. HP: 31/34 MP: 18/18
  6882 | D:8      | Noticed Amaemon
  6892 | D:8      | Noticed an orange demon
  6895 | D:8      | Killed by an exploding killer bee... ignited by their inner
                  | flame
  6896 | D:8      | Reached XP level 8. HP: -18/31 MP: 16/26
  6935 | D:8      | Identified the +5 falchion of Trial by Ordeal {elec, rElec
                  | rC+}
  7213 | D:8      | Killed Amaemon
  7214 | D:8      | Reached skill level 8 in Fire Magic
  7281 | D:8      | Killed an orange demon
  7282 | D:8      | Reached XP level 9. HP: 10/34 MP: 1/19
  7284 | D:8      | HP: 1/34 [poisoned by an orange demon]
  7627 | D:8      | Identified the amulet "Ineoski" {rN+ Will+ Regen+}
  7679 | D:8      | Noticed Prince Ribbit
  7691 | D:8      | Killed Prince Ribbit
  8752 | D:9      | Found Jiocwogu's Assorted Antiques.
  8756 | D:9      | Bought a scroll of poison for 84 gold pieces
  8756 | D:9      | Bought a scroll of poison for 84 gold pieces
  8776 | D:9      | Found a glowing golden altar of the Shining One.
  8803 | D:9      | Found Obau's Weapon Shop.
  8841 | D:9      | Found a broken altar of Ashenzari.
  8884 | D:9      | Found Fetob's Antique Armour Emporium.
  9000 | D:9      | Reached skill level 1 in Hexes
  9177 | D:10     | Entered Level 10 of the Dungeon
  9217 | D:10     | Found a staircase to the Lair.
  9224 | D:10     | HP: 1/34 [orc warrior/+0 dire flail (9)]
  9314 | D:10     | Reached ****** piety under Okawaru
  9341 | D:10     | Reached skill level 9 in Fire Magic
  9450 | D:10     | Learned a level 4 spell: Flame Wave
  9512 | D:10     | Noticed Sonja
  9518 | D:10     | Killed Sonja
  9519 | D:10     | Reached XP level 10. HP: 25/37 MP: 21/21
  9736 | D:10     | You fall into a shaft and drop 2 floors!
  9933 | D:12     | Reached skill level 5 in Stealth
 10075 | D:12     | Noticed a two-headed ogre
 10131 | D:12     | HP: 1/37 [vampire mosquito (4)]
 10133 | D:12     | Slain by a vampire mosquito
 10134 | D:12     | Reached XP level 9. HP: -3/34 MP: 1/29
 10212 | D:12     | Noticed a troll
 10251 | D:12     | Killed a troll
 10342 | D:12     | Noticed a white ugly thing
 10386 | D:12     | Noticed a kobold demonologist
 10388 | D:12     | Killed a white ugly thing
 10458 | D:12     | Noticed a red devil
 10827 | D:12     | Killed a kobold demonologist
 10830 | D:12     | Reached XP level 10. HP: 34/37 MP: 5/21
 10981 | D:12     | Killed a two-headed ogre
 10982 | D:12     | Reached skill level 5 in Hexes
 11132 | D:12     | Noticed a cyclops
 11599 | D:12     | Reached skill level 10 in Fire Magic
 11666 | D:13     | Noticed a centaur warrior
 11689 | D:13     | Shot with an arrow by a centaur warrior

Illustrated notes

Levels and vault maps discovered:
D:1:      dpeg_arrival_tiny_a, layout_loops_ring
D:2:      layout_basic, minmay_octomino_e4
D:3:      layout_basic, zin_scriptorium, shapermc_ecumenical_altar_petra,
          uniq_robin, uniq_sigmund
D:4:      layout_basic, kennysheep_okawaru_gauntlet,
          gammafunk_ghost_abyssal_escape, uniq_pikel, uniq_menkaure
D:5:      layout_basic, nicolae_shop_unique_rings
D:6:      layout_basic, minmay_temple_entry_statues_pillars,
          biasface_ghost_orc_armoury, enter_ossuary_1, uniq_eustachio
D:7:      layout_gridville, st_stairs_2, minmay_misc_feat_alley,
          kennysheep_windowed_goal
D:8:      layout_loops_ring, kiku_gazebo_pond_becter, uniq_prince_ribbit1,
          uniq_amaemon
D:9:      layout_gridville, tso_altar, kennysheep_mini_moat, serial_shops,
          nicolae_shop_back_alley_shop, shop, shop, nicolae_hexahallways
D:10:     layout_irregular_city, erik_lair_orcish_takeover, hiddenorc2_lemuel,
          nicolae_specific_store, uniq_josephine, uniq_urug, uniq_sonja
D:12:     layout_basic
D:13:     layout_loops_ring, lightli_vaults_fourway_checkpoint
Temple:   minmay_temple_bridge_d

Skill      XL: |  1  2  3  4  5  6  7  8  9 10 |
---------------+-------------------------------+-----
Fire Magic     | 3 4 5 6 8 9 10 | 10.0
Dodging        | 3 4 6 |  6.7
Stealth        | 3 4 6 |  6.3
Conjurations   | 1 3 5 7 8 9 |  9.0
Spellcasting   | 3 4 5 6 7 |  7.2
Hexes          | 3 5 |  5.4
Fighting       | |  0.2

Action                     |  1- 3 |  4- 6 |  7- 9 | 10-12 || total
---------------------------+-------+-------+-------+-------++-------
  Melee: Unarmed           |     1 |    14 |    15 |     9 ||    39
         Bite              |       |     2 |     1 |     2 ||     5
   Cast: Foxfire           |    65 |    57 |   419 |    48 ||   589
         Scorch            |       |     6 |     5 |     2 ||    13
         Volatile Blastmot |       |     4 |    43 |    17 ||    64
         Inner Flame       |       |       |    10 |     2 ||    12
         Flame Wave        |       |       |     5 |    15 ||    20
  Evoke: Wand              |       |       |     1 |     3 ||     4
    Use: Scroll            |     2 |     7 |    13 |       ||    22
         Potion            |     2 |     2 |    18 |     3 ||    25
 Armour: Skin              |     7 |       |    21 |    13 ||    41
  Dodge: Dodged            |    43 |    46 |   161 |    58 ||   308
